[Event "*** Titled Tuesday 3|2 Blitz"]
[Site "Chess.com"]
[Date "2015.10.06"]
[Round "1"]
[White "Tal-Baronfew"]
[Black "Andnar"]
[Result "1-0"]
[WhiteElo "2748"]
[BlackElo "2247"]
[TimeControl "180+2"]
[EndTime "17:02:03 PDT"]
[Termination "Tal-Baronfew won by checkmate"]

1. e4 c5 2. Nf3 d6 3. d4 cxd4 4.
Nxd4 Nf6 5. Nc3 g6 6. Be3 Bg7 7. h3 O-O 8. Qd2 Nc6 9. O-O-O d5 10. exd5 Nxd5 11. Nxc6 bxc6 12. Nxd5 cxd5 13. Qxd5 Qc7 14.
Qxa8 Bf5 15. Qxf8+ Kxf8 16. Bd3 Be6 17. a3 Qb7 18. c3 Bb3 19. Bc2 Bxc2 20. Rd8# 1-0

[Event "*** Titled Tuesday 3|2 Blitz"]
[Site "Chess.com"]
[Date "2015.10.06"]
[Round "1"]
[White "190l"]
[Black "Boryboy"]
[Result "0-1"]
[WhiteElo "2002"]
[BlackElo "2449"]
[TimeControl "180+2"]
[EndTime "17:03:56 PDT"]
[Termination "Boryboy won by checkmate"]

1. c4 e6 2. Nc3 d5 3. e3 Nf6 4.
Nf3 Bd6 5. Be2 c6 6. O-O Qe7 7.
b3 Nbd7 8. Bb2 O-O 9. h3 e5 10. d3 Re8 11. Rc1 a6 12. d4 e4 13. Nd2 Nf8 14.
cxd5 cxd5 15. Rc2 Bd7 16. Qc1 Ng6 17. Ncb1 Nh4 18. Ba3 Bxh3 19. gxh3 Qd7 20. Bg4 Nxg4 21. Bxd6 Qxd6 22. hxg4 Qg6 23. Kh2 Qxg4 24. Rg1 Qh5 25. f4 exf3 26. Nf1 Nf5# 0-1

[Event "*** Titled Tuesday 3|2 Blitz"]
[Site "Chess.com"]
[Date "2015.10.06"]
[Round "1"]
[White "zmaj23"]
[Black "komaromy31"]
[Result "1-0"]
[WhiteElo "2313"]
[BlackElo "1896"]
[TimeControl "180+2"]
[EndTime "17:04:15 PDT"]
[Termination "zmaj23 won by resignation"]

1. e4 e6 2. d4 d5 3. Nc3 Nf6 4.
Bg5 Be7 5. e5 Nfd7 6. Bxe7 Qxe7 7. f4 O-O 8. Nf3 c5 9. dxc5 Nc6 10. Bd3 f6 11. Qe2 fxe5 12. fxe5 Qxc5 13. Ng5 Ndxe5 14. Bxh7+ Kh8 15. Qh5 1-0

[Event "*** Titled Tuesday 3|2 Blitz"]
[Site "Chess.com"]
[Date "2015.10.06"]
[Round "1"]
[White "spirals5"]
[Black "Noukii"]
[Result "0-1"]
[WhiteElo "2124"]
[BlackElo "2547"]
[TimeControl "180+2"]
[EndTime "17:04:17 PDT"]
[Termination "Noukii won by resignation"]

1. e4 Nf6 2. e5 Nd5 3. d4 d6 4.
Bc4 Nb6 5. Bb3 Bf5 6. exd6 cxd6 7. Nf3 e6 8. O-O Be7 9. c4 O-O 10. Nc3 Nc6 11. h3 Na5 12. Qe2 Rc8 13. d5 Nbxc4 14. Bxc4 Nxc4 15. dxe6 Bxe6 16. Re1 Re8 17. Nd4 Bf6 18.
Nxe6 Rxe6 19. Qd1 Bxc3 20. bxc3 Rxe1+ 21. Qxe1 Qd7 22. Bf4 Re8 23. Qf1 d5 24. Rd1 Qf5 25. Bg3 h6 26. Kh2 b6 27. Re1 Re6 28. Rxe6 fxe6 29.
Qd1 Kh7 30. Qa4 Qf7 31. Qc6 e5 32. a4 e4 33. Qc8 e3 34. fxe3 Nxe3 35. Be5 Qf2 0-1

[Event "*** Titled Tuesday 3|2 Blitz"]
[Site "Chess.com"]
[Date "2015.10.06"]
[Round "1"]
[White "wonderfultime"]
[Black "NMofPuppets"]
[Result "1-0"]
[WhiteElo "2643"]
[BlackElo "2198"]
[TimeControl "180+2"]
[EndTime "17:06:05 PDT"]
[Termination "wonderfultime won by resignation"]

1. d4 d5 2. c4 c6 3. Nc3 Nf6 4. e3 e6 5. Nf3 Nbd7 6. Bd3 dxc4 7. Bxc4 b5 8. Bd3 a6 9. e4 c5 10. e5 cxd4 11. Nxb5 axb5 12. exf6 Nxf6 13. O-O Bd7 14. Nxd4 Be7 15. Nxb5 O-O 16. Nc3 Rc8 17. Qe2 Qb6 18. Be3 Qb7 19. Ba6 Qc6 20. Bxc8 Bxc8 21. Qb5 Qa8 22.
Rfd1 Ba6 23. Qa4 Qb7 24. Rd2 Ra8 25. Qc2 Qc6 26. Rad1 Bb7 27. f3 Bc5 28. Rd8+ Rxd8 29. Rxd8+ Bf8 30. Qb3 Nd5 31. Nxd5 exd5 32. Qb4 1-0

[Event "*** Titled Tuesday 3|2 Blitz"]
[Site "Chess.com"]
[Date "2015.10.06"]
[Round "1"]
[White "Dlugy"]
[Black "JustKid"]
[Result "1-0"]
[WhiteElo "2549"]
[BlackElo "2130"]
[TimeControl "180+2"]
[EndTime "17:06:51 PDT"]
[Termination "Dlugy won by resignation"]

1. d4 d5 2. Bf4 c5 3. e4 dxe4 4.
d5 Nf6 5. Nc3 a6 6. Qe2 e6 7.
O-O-O Qa5 8. Kb1 exd5 9. Bg5 Be6 10. Bxf6 gxf6 11. Nxd5 Bg7 12. Qxe4 O-O 13. Bc4 Kh8 14. Ne3 f5 15. Nxf5 Bxf5 16. Qxf5 Qb6 17. b3 Qf6 18. Qxf6 Bxf6 19. Bd5 Ra7 20. Ne2 b5 21. Ng3 Bd4 22.
Nf5 Bxf2 23. Rhf1 Bd4 24. Nxd4 cxd4 25. Rxd4 Rd7 26. Rd3 f5 27. g3 Kg7 28. Kb2 Rd6 29. c4 bxc4 30. Bxc4 Rxd3 31. Bxd3 Rd8 32. Kc3 Rc8+ 33.
Kd2 Nc6 34. Rxf5 Nb4 35. a3 Nc6 36. Rc5 1-0

[Event "*** Titled Tuesday 3|2 Blitz"]
[Site "Chess.com"]
[Date "2015.10.06"]
[Round "1"]
[White "gmjlh"]
[Black "Viaje"]
[Result "1-0"]
[WhiteElo "2628"]
[BlackElo "2178"]
[TimeControl "180+2"]
[EndTime "17:07:03 PDT"]
[Termination "gmjlh won by resignation"]

1. e4 c5 2. Nf3 d6 3. Bb5+ Bd7 4. Bxd7+ Qxd7 5. O-O Nf6 6. d4 cxd4 7. Qxd4 Nc6 8. Qd3 g6 9. c4 Bg7 10. Nc3 O-O 11. h3 Rac8 12. Be3 a6 13. b3 Nb4 14. Qd2 b5 15.
Rad1 bxc4 16. Na4 c3 17. Nxc3 Qb7 18. a3 Nc6 19. b4 Nd7 20. Nd5 Nde5 21. Nxe5 Nxe5 22.
Bg5 Rfe8 23. Nxe7+ Rxe7 24. Bxe7 Qxe7 25. Qxd6 Qxd6 26.
Rxd6 Rc3 27. Rxa6 Nc4 28. Ra8+ Bf8 29. Rc8 Rc2 30. b5 Nxa3 31. Rxc2 Nxc2 32. b6 Bd6 33. Rd1 Be5 34. Rd5 Bf4 35. g3 1-0

[Event "*** Titled Tuesday 3|2 Blitz"]
[Site "Chess.com"]
[Date "2015.10.06"]
[Round "1"]
[White "simplerXiao"]
[Black "OtherGabe"]
[Result "1-0"]
[WhiteElo "2436"]
[BlackElo "2001"]
[TimeControl "180+2"]
[EndTime "17:07:07 PDT"]
[Termination "simplerXiao won by resignation"]

1. e4 c5 2. Nf3 e6 3. d4 cxd4 4. Nxd4 Nc6 5. Nc3 Qc7 6. g3 Nf6 7. Bg2 a6 8. O-O Nxd4 9. Qxd4 Bc5 10. Qd3 O-O 11. Bf4 d6 12. Rad1 e5 13. Bg5 Be6 14.
Bxf6 gxf6 15. Qf3 Qe7 16. Nd5 Bxd5 17. exd5 Rac8 18. Bh3 Rb8 19. Bf5 h6 20. Be4 Rfc8 21. Qf5 Kf8 22. Qh7 Ke8 23. Bf5 Rc7 24. Qh8+ Qf8 25. Qxf6 Rd8 26. c3 Qe7 27. Qxh6 b5 28.
Rfe1 Rb7 29. Re4 Rdb8 30. b4 Ba7 31. Rg4 Kd8 32. Rc1 Kc7 33. c4 Bd4 34. c5 1-0

[Event "*** Titled Tuesday 3|2 Blitz"]
[Site "Chess.com"]
[Date "2015.10.06"]
[Round "1"]
[White "josiwales"]
[Black "jcibarra"]
[Result "0-1"]
[WhiteElo "2072"]
[BlackElo "2493"]
[TimeControl "180+2"]
[EndTime "17:07:21 PDT"]
[Termination "jcibarra won by resignation"]

1. e4 c5 2. Nc3 a6 3. g3 b5 4.
Bg2 Bb7 5. d3 e6 6. f4 d5 7. Nge2 b4 8. Nb1 dxe4 9. dxe4 Qxd1+ 10. Kxd1 Nf6 11. Nd2 Ng4 12. Ke1 Ne3 13. Kf2 Nxc2 14. Rb1 Nd7 15. Nc4 Nf6 16. e5 Ng4+ 17. Kg1 O-O-O 18. Bd2 Nd4 19. Nxd4 cxd4 20. Rc1 Kb8 21.
h3 Nh6 22. Na5 Bxg2 23. Kxg2 Rd5 24. Nc6+ Kb7 25. Nxb4 Bxb4 26. Bxb4 Nf5 27. Kf3 d3 28. g4 Nd4+ 29. Ke4 Ne2 30. Rhd1 Rd4+ 31. Ke3 Rxb4 32.
Rc5 Rd8 33. f5 Rxb2 34. fxe6 fxe6 35. Rf1 d2 0-1

[Event "*** Titled Tuesday 3|2 Blitz"]
[Site "Chess.com"]
[Date "2015.10.06"]
[Round "1"]
[White "KyronGriffith"]
[Black "LyonBeast"]
[Result "0-1"]
[WhiteElo "2223"]
[BlackElo "2700"]
[TimeControl "180+2"]
[EndTime "17:07:25 PDT"]
[Termination "LyonBeast won by checkmate"]

1. e4 e6 2. d4 d5 3. Nd2 Nf6 4.
e5 Nfd7 5. Bd3 c5 6. c3 Nc6 7.
Ngf3 Be7 8. O-O g5 9. a3 g4 10.
Ne1 h5 11. dxc5 Bxc5 12. b4 Bb6 13. Qe2 Ndxe5 14. Bb5 Bd7 15. Bb2 Qg5 16. c4 Nd4 17. Bxd7+ Nxd7 18. Bxd4 Bxd4 19. Rd1 O-O 20. Ndf3 gxf3 21.
Nxf3 Qg7 22. Rxd4 Nf6 23. c5 Rfe8 24. Qe5 a5 25. b5 Rac8 26. Rc1 Qh6 27. Rdd1 Nd7 28.
Qd6 Red8 29. c6 bxc6 30. bxc6 Nf6 31. Qc5 Qf4 32. Qxa5 Ra8 33. Qb4 Ne4 34. Rc2 Rdb8 35. Qe7 Re8 36. Qb4 Kh7 37. c7 Rg8 38. Kf1 Rxg2 39.
Kxg2 Rg8+ 40. Kf1 Qxf3 41. Rdc1 Qd3+ 42. Ke1 Rg1# 0-1

[Event "*** Titled Tuesday 3|2 Blitz"]
[Site "Chess.com"]
[Date "2015.10.06"]
[Round "1"]
[White "Gabrinsky"]
[Black "Jahonas"]
[Result "1-0"]
[WhiteElo "2483"]
[BlackElo "2046"]
[TimeControl "180+2"]
[EndTime "17:07:36 PDT"]
[Termination "Gabrinsky won by resignation"]

1. e4 e5 2. Nf3 Nc6 3. d4 exd4 4. Bc4 Nf6 5. e5 d5 6. Bb5 Ne4 7. Nxd4 Bd7 8. Bxc6 bxc6 9. O-O Bc5 10. f3 Ng5 11. f4 Ne6 12. c3 f5 13. Be3 O-O 14.
Nd2 Bxd4 15. cxd4 Rb8 16. Nb3 Qe7 17. Rc1 Rb6 18. Qc2 Rfb8 19. Qc3 Qb4 20. Rf2 a5 21.
Nxa5 Ra6 22. Qxb4 Rxb4 23. a3 Rb5 24. b4 Kf7 25. Rfc2 Rbxa5 26. bxa5 Rxa5 27. Rc3 Ra4 28. Rd1 Nd8 29. Rb1 Ne6 30. Rb4 Ra6 31. Kf2 h6 32. a4 c5 33. dxc5 Rxa4 34. Rxa4 Bxa4 35.
Ra3 Bc6 36. Rd3 Bb5 37. Rd2 Bc4 38. g3 Ke7 39. Bd4 Kd7 40. Ke3 Kc6 41. g4 g6 42.
gxf5 gxf5 43. Rg2 Nxc5 44. Rg6+ Kb5 45. Bxc5 Kxc5 46. Rxh6 d4+ 47. Kd2 Kd5 48. Rf6 c5 49. h4 Ke4 50. e6 Bb5 51. e7 c4 52. Re6+ Kxf4 53. e8=Q Bxe8 54. Rxe8 Kg4 55. Rd8 Kxh4 56. Rxd4+ Kg3 57. Ke3 c3 58. Rc4 c2 59. Rxc2 f4+ 60. Ke4 f3 61. Rc3 1-0

[Event "*** Titled Tuesday 3|2 Blitz"]
[Site "Chess.com"]
[Date "2015.10.06"]
[Round "1"]
[White "ItalianMachine"]
[Black "lorcho"]
[Result "0-1"]
[WhiteElo "2203"]
[BlackElo "2636"]
[TimeControl "180+2"]
[EndTime "17:08:00 PDT"]
[Termination "lorcho won by checkmate"]

1. e4 c6 2. d4 g6 3. Nd2 d5 4. c3 dxe4 5. Nxe4 Bg7 6. Nf3 Nf6 7. Bd3 O-O 8. O-O Nxe4 9. Bxe4 Bg4 10. h3 Bxf3 11.
Qxf3 e6 12. Rd1 Nd7 13. Be3 a5 14. a4 Qe7 15. Bc2 Nb6 16. b3 Nd5 17. Bc1 c5 18. Ba3 b6 19. Be4 Rad8 20. Bxd5 Rxd5 21. dxc5 bxc5 22.
Rxd5 exd5 23. Qxd5 Bxc3 24. Bxc5 Rd8 25. Bxe7 Rxd5 26.
Rc1 Be5 27. Rc8+ Kg7 28. g3 Rd3 29. Bf8+ Kf6 30. Rc6+ Kf5 31. g4+ Ke4 32. Kg2 Rxb3 33. Rc4+ Kd3 34. Rc5 Bd4 35. Rxa5 Rb2 36. Rd5 Rxf2+ 37. Kg3 Ra2 38. a5 Ke4 39. Rd7 g5 40.
h4 Be5+ 41. Kh3 Rh2# 0-1

[Event "*** Titled Tuesday 3|2 Blitz"]
[Site "Chess.com"]
[Date "2015.10.06"]
[Round "1"]
[White "IMRosen"]
[Black "steinitz_attack"]
[Result "1-0"]
[WhiteElo "2253"]
[BlackElo "1752"]
[TimeControl "180+2"]
[EndTime "17:08:04 PDT"]
[Termination "IMRosen won on time"]

1. c4 Nf6 2. Nc3 g6 3. e4 d6 4.
d4 Bg7 5. h3 Nbd7 6. Bg5 h6 7.
Be3 e5 8. d5 O-O 9. Qd2 Kh7 10. Bd3 Nc5 11. Bc2 a6 12. b4 Ncd7 13. a3 Rb8 14. Nf3 b5 15. c5 dxc5 16. bxc5 b4 17.
axb4 Rxb4 18. O-O Re8 19. Rfb1 Rxb1+ 20. Rxb1 Nf8 21. Ba4 Bd7 22. c6 Bc8 23. Bc5 Nh5 24. Rb8 Nf4 25. Ne2 Qf6 26. Nxf4 exf4 27. Bd4 Qd6 28.
Bxg7 Kxg7 29. e5 Qa3 30. Qd4 Qc1+ 31. Kh2 Nh7 32. d6 cxd6 33. exd6+ Nf6 34. c7 Re4 35. Qd1 Qxd1 36. Bxd1 Be6 37. Bb3 Bd7 38. Rd8 Re8 39. Ba4 1-0

[Event "*** Titled Tuesday 3|2 Blitz"]
[Site "Chess.com"]
[Date "2015.10.06"]
[Round "1"]
[White "UltimateCrusher2"]
[Black "Canonkasparov"]
[Result "1/2-1/2"]
[WhiteElo "2017"]
[BlackElo "2407"]
[TimeControl "180+2"]
[EndTime "17:08:06 PDT"]
[Termination "Game drawn - insufficient material"]

1. e4 d5 2. exd5 Qxd5 3. Nc3 Qa5 4. Nf3 c6 5. d4 Nf6 6. Bd3 Bf5 7. O-O Bxd3 8. Qxd3 e6 9. Bd2 Qc7 10. Ne4 Nbd7 11. c4 Be7 12. Bc3 O-O 13. Rac1 Rfd8 14. Rfd1 a5 15. Qe2 Nxe4 16. Qxe4 Nf6 17. Qe2 Bb4 18.
a3 Bxc3 19. Rxc3 Rd6 20. Rdc1 Rad8 21. b4 axb4 22. axb4 Ra8 23. Rb3 h6 24. Rcb1 Rdd8 25. h3 Nh5 26. b5 Nf4 27. Qe4 cxb5 28. Rxb5 Ra7 29. Rxb7 Rxb7 30. Rxb7 Qd6 31. c5 Qd5 32. Qxd5 Nxd5 33. c6 Rc8 34. Ne5 f6 35. Ng6 Rxc6 36. Ne7+ Nxe7 37. Rxe7 Rd6 38. Kf1 Kf8 39. Ra7 Rxd4 40.
Ke2 e5 41. f3 h5 42. g4 h4 43. Ra8+ Kf7 44. Rh8 g5 45. Rh7+ Ke6 46. Ra7 Rb4 47. Ra2 Rb6 48. Rd2 Rd6 49. Rc2 f5 50. Rc8 fxg4 51.
fxg4 Ra6 52. Rg8 Kf6 53. Rf8+ Kg6 54. Rg8+ Kf6 55. Rf8+ Ke6 56. Rf5 Ra3 57. Rxg5 Rxh3 58. Rh5 Kd5 59. g5 Kd4 60. g6 Rh2+ 61. Kf1 h3 62. g7 Rg2 63. Rxh3 Rxg7 64. Ke2 Rg2+ 65. Kf3 Rb2 66. Rh4+ Kd3 67. Ra4 e4+ 68. Rxe4 Rf2+ 69. Kxf2 Kxe4 1/2-1/2

[Event "*** Titled Tuesday 3|2 Blitz"]
[Site "Chess.com"]
[Date "2015.10.06"]
[Round "1"]
[White "ilmago"]
[Black "3f32"]
[Result "1-0"]
[WhiteElo "1903"]
[BlackElo "2273"]
[TimeControl "180+2"]
[EndTime "17:08:08 PDT"]
[Termination "ilmago won by resignation"]

1. e4 e5 2. Nf3 Nc6 3. c3 Nf6 4. d4 exd4 5. e5 Ne4 6. cxd4 d5 7. Bd3 Bb4+ 8. Nbd2 O-O 9. O-O Bg4 10. Nxe4 Bxf3 11.
Qxf3 Nxd4 12. Nf6+ Qxf6 13. exf6 Nxf3+ 14. gxf3 gxf6 15. a3 Bd6 16. Bh6 Rfe8 17. Rfe1 Be5 18. Rab1 c6 19. f4 Bd4 20. Kf1 Rad8 21. b4 Re6 22. Bf5 Ree8 23. Rxe8+ Rxe8 24. Re1 Rxe1+ 25. Kxe1 Bb2 26. a4 Bc3+ 27. Ke2 Bxb4 28. Bc8 b5 29.
axb5 cxb5 30. Ba6 f5 31. Bg5 Bd6 32. Bxb5 f6 33. Bxf6 Bxf4 34. h3 Kf7 35. Bd4 Bb8 36. Bc6 Ke6 37. Kd3 Kd6 38. Bb5 Ke6 39. Be3 f4 40.
Bd4 Kd6 41. Ba6 Kd7 42. Bc5 Kc6 43. Kd4 f3 44. Bd3 Bh2 45. Bxa7 Kb7 46. Bc5 Kc6 47. Bb4 h6 48. Bg6 Bf4 49. Bf7 Kb5 50. Be1 Kc6 51. Bxd5+ Kd6 52. Bxf3 Be5+ 53. Ke4 Ke6 54. Bg4+ Kf6 55. f4 Bb2 56. Bf2 Kg6 57. Bd4 Ba3 58. f5+ Kg5 59. Be3+ Kh4 60. Bxh6 Be7 61. Ke5 Bd8 62.
Ke6 Bc7 63. Bf8 Kg5 64. Be7+ Kh6 65. f6 Ba5 66. f7 1-0

[Event "*** Titled Tuesday 3|2 Blitz"]
[Site "Chess.com"]
[Date "2015.10.06"]
[Round "1"]
[White "jlandaw"]
[Black "chess960now"]
[Result "1-0"]
[WhiteElo "2361"]
[BlackElo "1969"]
[TimeControl "180+2"]
[EndTime "17:08:13 PDT"]
[Termination "jlandaw won by checkmate"]

1. e4 c5 2. Nc3 Nc6 3. g3 g6 4.
Bg2 Bg7 5. d3 d6 6. f4 e6 7. Nf3 Nge7 8. O-O O-O 9. Be3 Rb8 10.
a3 b5 11. Rb1 b4 12. axb4 Nxb4 13. e5 Ned5 14. Bf2 Nxc3 15. bxc3 Na6 16. Rxb8 Nxb8 17.
Re1 Na6 18. Qa1 d5 19. Qa3 Qb6 20. Ra1 Bb7 21. Nd2 Rb8 22. Nb3 Qc7 23. Nxc5 Nxc5 24.
Bxc5 a6 25. Bd6 Qb6+ 26. Kh1 Rc8 27. d4 Qc6 28. Rb1 Ba8 29. Bc5 Bf8 30. Bxf8 Rxf8 31.
Bf1 Rc8 32. Rb3 Bb7 33. Qa5 Ra8 34. Rb6 Qc8 35. Bd3 h5 36. Kg2 h4 37. g4 Bc6 38.
Rxa6 Rxa6 39. Qxa6 Qc7 40. f5 gxf5 41. gxf5 Bd7 42. Qa8+ Kg7 43. f6+ Kh6 44. Qh8+ Kg5 45. Qg7+ Kf4 46. Qh6+ Kg4 47. h3# 1-0

[Event "*** Titled Tuesday 3|2 Blitz"]
[Site "Chess.com"]
[Date "2015.10.06"]
[Round "1"]
[White "AlexanderL"]
[Black "MFBerna"]
[Result "0-1"]
[WhiteElo "2527"]
[BlackElo "2126"]
[TimeControl "180+2"]
[EndTime "17:08:44 PDT"]
[Termination "MFBerna won by resignation"]

1. d4 d5 2. Bf4 c6 3. e3 Bf5 4. c4 e6 5. Nc3 Nf6 6. Qb3 Qb6 7.
c5 Qxb3 8. axb3 Nbd7 9. h3 a6 10.
b4 Rd8 11. Nf3 h6 12. Nd2 Be7 13. Nb3 Ra8 14. b5 cxb5 15. Nxb5 O-O 16. Nd6 Ra7 17.
Na5 Bxd6 18. Bxd6 Rc8 19. Nxb7 Rxb7 20. Bxa6 Ra8 21. c6 Rb6 22. c7 Rxd6 23. c8=Q+ Rxc8 24. Bxc8 Rb6 25. Ra8 Kh7 26. Ra7 Rc6 27. Bxd7 Rc1+ 28.
Kd2 Rxh1 29. Bb5 Ne4+ 30. Ke2 Rb1 31. Ra2 Nc3+ 32. bxc3 Rxb5 33. g4 Bg6 34. h4 h5 35.
gxh5 Bxh5+ 36. Kd2 Rb1 37. c4 dxc4 38. Rc2 Rd1+ 39.
Kc3 Bg6 40. Ra2 Rc1+ 41. Kd2 Rh1 42. Kc3 Bd3 43. f3 Rxh4 44. e4 Rh3 45. d5 exd5 46. exd5 Rxf3 47. Kd4 c3 48. d6 c2 49. d7 c1=Q 50.
Rh2+ Kg6 51. Rg2+ Kf5 52. Rg5+ Qxg5 53. d8=Q Qxd8+ 54. Kc3 Be4+ 0-1

[Event "*** Titled Tuesday 3|2 Blitz"]
[Site "Chess.com"]
[Date "2015.10.06"]
[Round "1"]
[White "Assasin14"]
[Black "StellarChessPro"]
[Result "1/2-1/2"]
[WhiteElo "1725"]
[BlackElo "2245"]
[TimeControl "180+2"]
[EndTime "17:09:01 PDT"]
[Termination "Game drawn by agreement"]

1. e4 c6 2. d4 d5 3. Nc3 dxe4 4. Nxe4 Bf5 5. Ng3 Bg6 6. h4 h6 7. Nf3 Nd7 8. h5 Bh7 9. Bd3 Bxd3 10. Qxd3 e6 11.
Bd2 Ngf6 12. O-O-O Qc7 13. Qe2 Bd6 14. Ne4 Nxe4 15.
Qxe4 O-O-O 16. Kb1 Kb8 17. g3 c5 18. Be3 c4 19. c3 Nf6 20. Qc2 Nd5 21. Bd2 b5 22. Rhe1 a5 23. Ne5 Bxe5 24. dxe5 Kb7 25. Qe4 Qc6 26.
f4 Rd7 27. Bc1 Rhd8 28. Kc2 b4 29. Rd4 bxc3 30. bxc3 Qa4+ 31. Kb2 Ka8 32. Rxc4 Rb7+ 33. Ka1 Qb5 34. Ba3 Nb6 35. Rc5 Qa6 36. Rb1 Rd5 37.
Qh7 Na4 38. Qg8+ Ka7 39. Rxb7+ Qxb7 40. Rxd5 exd5 41. Qf8 d4 42. Bc5+ Ka6 43. Qd6+ Kb5 44. c4+ Kxc4 45. Qxd4+ Kb5 46. Ba7 Qh1+ 47. Qg1 Qd5 48.
Qf1+ Qc4 49. Qxc4+ Kxc4 50. f5 Kd5 51. f6 gxf6 52. exf6 Nc3 53. Be3 Ne4 54. Bxh6 Nxg3 55. Bd2 Nxh5 56. Bxa5 Nxf6 57. Be1 Ne4 58. Kb2 Kc4 59.
a4 Nc5 60. a5 Nd3+ 61. Kb1 Kb5 62. Bd2 f5 63. Kc2 Nc5 64. Kd1 Ne4 65. Be1 f4 66.
Ke2 Nd6 67. Kf3 Nc4 68. Kxf4 Nxa5 1/2-1/2

[Event "*** Titled Tuesday 3|2 Blitz"]
[Site "Chess.com"]
[Date "2015.10.06"]
[Round "1"]
[White "HubertKnott"]
[Black "pKiLz5Rn9b"]
[Result "0-1"]
[WhiteElo "1978"]
[BlackElo "2401"]
[TimeControl "180+2"]
[EndTime "17:09:15 PDT"]
[Termination "pKiLz5Rn9b won by resignation"]

1. d4 e6 2. Nf3 Nf6 3. c4 b6 4.
g3 Bb7 5. Bg2 Be7 6. O-O O-O 7.
Nc3 d5 8. Ne5 Na6 9. b3 c5 10. e3 Rc8 11. Bb2 Ne4 12. Nxe4 dxe4 13. a3 f6 14. Qg4 fxe5 15. Qxe6+ Kh8 16. dxe5 Nc7 17. Qg4 Qd2 18. Rab1 Qd8 19. Bxe4 Bxe4 20. Qxe4 Qd7 21. Kg2 Rcd8 22. Rbd1 Qe6 23. Qb7 Rd7 24.
Qe4 Rfd8 25. Rde1 Rd2 26. Bc3 R2d3 27. Rc1 b5 28. f4 bxc4 29. f5 Qd5 30. Qxd5 Nxd5 31.
Ba5 Nxe3+ 32. Kf2 R8d5 33. Rfe1 Nxf5 34. bxc4 R5d4 35. Bc3 Rd8 36. g4 Nh6 37. Kg2 Nxg4 38. Rf1 h5 39. Rf7 Bg5 40. h3 Bxc1 41. hxg4 Rxc3 42.
e6 Re3 43. e7 Rd2+ 44. Kf1 Kh7 45. gxh5 Rde2 46. h6 Kxh6 47. e8=Q Rxe8 0-1

[Event "*** Titled Tuesday 3|2 Blitz"]
[Site "Chess.com"]
[Date "2015.10.06"]
[Round "1"]
[White "LePlusMortel"]
[Black "eugeniusjr"]
[Result "1-0"]
[WhiteElo "2410"]
[BlackElo "1997"]
[TimeControl "180+2"]
[EndTime "17:09:45 PDT"]
[Termination "LePlusMortel won on time"]

1. Nf3 c5 2. g3 g6 3. Bg2 Bg7 4. O-O Nc6 5. d3 d6 6. c3 e5 7. Qa4 Ne7 8. h3 O-O 9. Qh4 h6 10. Bxh6 Nf5 11. Qxd8 Rxd8 12. Bxg7 Kxg7 13. a4 Rb8 14. h4 a6 15. a5 b6 16. axb6 Rxb6 17. Ra2 Be6 18. c4 Nb4 19. Ra4 Bd7 20. Ra5 Nc6 21.
Ra1 Rxb2 22. Nc3 Nb4 23. Rfb1 Rc2 24. Ra3 Nd4 25. Nxd4 exd4 26. Nd5 Rxe2 27. Nxb4 cxb4 28. Rxb4 Re1+ 29. Kh2 g5 30. Rxa6 Bf5 31. Rb7 Bxd3 32. Bd5 Rf8 33. Rxd6 gxh4 34. Rdd7 hxg3+ 35. Kxg3 Bg6 36.
c5 Rc1 37. c6 d3 38. Bf3 Rc8 39. Rd6 Rc2 40. Rbd7 Rc4 41. Rd8 Rxd8 42. Rxd8 Rc2 43. Rd7 Kf6 44. Bg4 Rxc6 45. f4 Rc2 46. Kh4 Rh2+ 47.
Kg3 Rh1 48. f5 Bxf5 49. Bxf5 Kxf5 50. Rxd3 Rg1+ 51. Kf2 Rg4 52. Rb3 Rf4+ 53. Kg3 Kg5 54. Rb5+ Rf5 55. Rb3 Rd5 56. Ra3 1-0

[Event "*** Titled Tuesday 3|2 Blitz"]
[Site "Chess.com"]
[Date "2015.10.06"]
[Round "1"]
[White "GMVallejo"]
[Black "cheese111"]
[Result "1-0"]
[WhiteElo "2589"]
[BlackElo "2150"]
[TimeControl "180+2"]
[EndTime "17:09:51 PDT"]
[Termination "GMVallejo won by resignation"]

1. e4 e5 2. Nf3 Nc6 3. Nc3 Nf6 4.
Bb5 Bb4 5. d3 d6 6. O-O O-O 7.
Ne2 Ne7 8. c3 Ba5 9. Ng3 c6 10. Ba4 Ng6 11. h3 Re8 12. Re1 h6 13.
Bd2 d5 14. exd5 Qxd5 15. d4 exd4 16. Rxe8+ Nxe8 17. Bb3 Qd6 18. Nxd4 Nc7 19. Qh5 Bb6 20. Ngf5 Bxf5 21. Nxf5 Qf6 22. Qxg6 Qxg6 23. Ne7+ Kh7 24. Nxg6 Kxg6 25. Bf4 Re8 26. Kf1 Kf6 27. Rd1 Ne6 28.
Bd6 Rd8 29. f4 Bc7 30. Bxc7 Rxd1+ 31. Bxd1 Nxc7 32. Kf2 Ne6 33. Ke3 Nc7 34. g3 Nd5+ 35. Ke4 Ke6 36. Bb3 Kd6 37. h4 Nf6+ 38. Ke3 Nd5+ 39.
Kd4 f6 40. Ke4 Ne7 41. g4 g5 42. fxg5 fxg5 43. hxg5 hxg5 44. a3 b6 45. Ba2 a5 46.
b4 axb4 47. cxb4 c5 48. b5 c4 49. Bxc4 Kc5 50. Be2 Nd5 51. Kf5 Nc3 52. Bf1 Nb1 53. Kxg5 Nxa3 54. Kf6 Nc2 55. g5 Ne3 56. g6 Ng4+ 57.
Kg5 1-0

[Event "*** Titled Tuesday 3|2 Blitz"]
[Site "Chess.com"]
[Date "2015.10.06"]
[Round "1"]
[White "dsanchez1973"]
[Black "ltpnj"]
[Result "0-1"]
[WhiteElo "1944"]
[BlackElo "2337"]
[TimeControl "180+2"]
[EndTime "17:09:58 PDT"]
[Termination "ltpnj won on time"]

1. e4 e5 2. Nf3 Nc6 3. d4 exd4 4. c3 d5 5. exd5 Qxd5 6. cxd4 Bg4 7. Be2 Nf6 8. Nc3 Bb4 9. O-O Bxc3 10. bxc3 O-O 11.
c4 Qd6 12. d5 Ne5 13. Bb2 Bxf3 14. Bxf3 Nxc4 15. Bd4 Nb6 16. Qc2 Rfd8 17. Rfd1 Rac8 18. Qf5 Nbxd5 19. Bxf6 Qxf6 20. Qxf6 Nxf6 21. Bxb7 Rxd1+ 22. Rxd1 Rb8 23. a4 Kf8 24. Bc6 Ke7 25. h3 Rb6 26.
Bf3 c5 27. g4 Rb4 28. g5 Nd7 29. Kg2 Rxa4 30. Bc6 Rd4 31. Ra1 Rd6 32. Be4 a6 33. Kf3 c4 34. Ke3 Nc5 35. Bc2 Kd7 36. h4 h6 37. f4 Kc6 38. f5 hxg5 39. hxg5 Kb5 40. Rb1+ Kc6 41. Rb8 Rd7 42. Rc8+ Kb6 43. Rg8 f6 44.
gxf6 gxf6 45. Rf8 Rd6 46. Re8 a5 47. Rb8+ Kc6 48. Ra8 Kb5 49. Rb8+ Rb6 50. Ra8 a4 51. Kd4 Kb4 52. Ra7 Rd6+ 53. Ke3 a3 54. Ra8 Rb6 55.
Kd4 Nb3+ 56. Kd5 Kc3 57. Bxb3 Kxb3 58. Kc5 Rb4 59. Ra7 c3 0-1

[Event "*** Titled Tuesday 3|2 Blitz"]
[Site "Chess.com"]
[Date "2015.10.06"]
[Round "1"]
[White "Cruel_Yaro"]
[Black "HansCoolNiemann"]
[Result "0-1"]
[WhiteElo "2486"]
[BlackElo "2110"]
[TimeControl "180+2"]
[EndTime "17:10:06 PDT"]
[Termination "HansCoolNiemann won by resignation"]

1. e4 e6 2. d4 d5 3. e5 c5 4. c3 Nc6 5. Nf3 Qb6 6. a3 c4 7. Nbd2 Bd7 8. h4 Na5 9. g3 h6 10. h5 Ne7 11. Nh4 Qc7 12. Bh3 Nc8 13. O-O Nb6 14. f4 Be7 15. Qg4 Rg8 16. f5 O-O-O 17. Rb1 Na4 18. Ndf3 Qb6 19. Be3 Qb3 20. Nd2 Qc2 21.
Qd1 Qxd1 22. Rfxd1 Bxh4 23. gxh4 exf5 24. Rf1 g6 25.
Bxh6 gxh5+ 26. Kh2 Nc6 27. Bg5 Rdf8 28. Bg2 Nb6 29. Bf3 Be6 30. Bxh5 Nd7 31. Rbe1 Rxg5 32. hxg5 Rh8 33. Nf3 Rxh5+ 34. Kg3 Nf8 35. Rh1 Rxh1 36. Rxh1 Ng6 37. Rh6 Nce7 38. Ng1 Kc7 39. Ne2 Kb6 40.
Kf3 Kb5 41. Nc1 Ka4 42. Rh7 b5 43. Rh6 a5 44. Rh2 Nc6 45. Ke3 b4 46. axb4 axb4 47.
Kd2 f4 48. Rf2 Bg4 49. Rg2 Bf3 50. Rf2 Bg4 51. Rg2 Bf3 52. Rf2 Be4 53. Ne2 f3 54.
Nc1 Nd8 55. Ke3 Ne6 56. cxb4 Kxb4 57. Na2+ Kb3 58. Nc3 Nxg5 59. Nxe4 dxe4 60. d5 Nxe5 61. d6 f6 62. Kd4 Nh3 63. Rh2 f2 0-1

[Event "*** Titled Tuesday 3|2 Blitz"]
[Site "Chess.com"]
[Date "2015.10.06"]
[Round "1"]
[White "ChessFrois"]
[Black "jbj"]
[Result "1/2-1/2"]
[WhiteElo "1831"]
[BlackElo "2253"]
[TimeControl "180+2"]
[EndTime "17:10:18 PDT"]
[Termination "Game drawn by repetition"]

1. e4 d6 2. d4 Nf6 3. Nc3 e5 4. dxe5 dxe5 5. Qxd8+ Kxd8 6. Nf3 Bd6 7. Bg5 c6 8. O-O-O Kc7 9. Bc4 Be6 10. Bxe6 fxe6 11.
Bh4 h6 12. Bg3 Nbd7 13. Rd2 Rad8 14. Rhd1 Ne8 15. b3 Rf8 16. Na4 b5 17. Nb2 Rf7 18. Nd3 Nef6 19. Ndxe5 Nxe5 20. Nxe5 Re7 21. f3 Ba3+ 22. Kb1 Rxd2 23. Rxd2 Kb7 24. Bh4 Bb4 25.
Rd3 g5 26. Bf2 Kc7 27. h4 Bd6 28. Ng6 Rg7 29. e5 Rxg6 30. exd6+ Kd7 31. hxg5 Rxg5 32.
g4 Nd5 33. Bxa7 h5 34. gxh5 Rxh5 35. Kb2 b4 36. Bc5 Rh2 37. Rd4 Ne3 38. Rc4 Nxc4+ 39. bxc4 Rh4 40. Kb3 Rh3 41. Bxb4 Rxf3+ 42. c3 e5 43. c5 e4 44. Kc2 Rf2+ 45. Kd1 Rxa2 46. Ke1 e3 47. Kd1 Rd2+ 48. Ke1 Rh2 49. Kd1 Rb2 50. Ke1 Rc2 51. Kd1 Rg2 52. Ke1 Ra2 53.
Kd1 Ke6 54. Ke1 Rd2 55. Kf1 Kf5 56. c4 Rd3 57. Ke2 Ke4 58. Ba5 Rd4 59. Bc3 Rd3 60. Ba5 Rd4 61. Bc3 Rd3 62. Ba5 1/2-1/2